Map: 썬더버드 - 래더

Players

DnS - Winner!

  • Race: Protoss Protoss
  • Spawn Location: 5:00

lIlIlIlIIlIl (Dear)

  • Race: Protoss Protoss
  • League: Master
  • Spawn Location: 11:00

Event: 2019 Assembly Summer

VOD

Have the link to the VOD?

Description

Time

  • Played on: Aug. 1, 2019, 10:49 a.m.
  • Length: 15:29

All games in this series

Show
View Real Time Build Order
Export as new Build Order

DnS Protoss - Winner!

Build Orders: Oracle Opening, Phoenix Opening, Archon Immortal 

Get SALT Encoding   

  12  0:00  Probe  
  13  0:12  Probe  
  14  0:16  Pylon  
  14  0:23  Probe  
  15  0:31  Probe  
  15  0:36  Gateway  
  15  0:39  Probe  
  16  0:45  Assimilator  
  17  0:50  Probe  
  17  0:54  Assimilator  
  18  0:59  Probe  
  19  1:07  Gateway, Probe  
  19  1:17  Probe  
  20  1:23  Cybernetics Core  
  21  1:29  Probe  
  22  1:33  Pylon  
  22  1:41  Probe  
  23  1:53  Probe  
  24  2:01  Warp Gate, Stalker  
  28  2:03  Sentry  
  28  2:04  Pylon  
  28  2:23  Pylon  
  28  2:29  Stargate  
  28  2:36  Stalker  
  30  2:49  Nexus  
  30  2:57  Stalker  
  32  3:01  Probe  
  32  3:03  Oracle  
  33  3:15  Probe  
  37  3:22  Pylon  
  37  3:27  Probe  
  38  3:34  Shield Battery  
  38  3:48  Phoenix  
  38  3:49  Stalker  
  38  3:51  Stalker  
  41  3:55  Probe  
  41  4:01  Probe  
  44  4:07  Probe  
  44  4:09  Probe  
  45  4:11  Phoenix  
  48  4:19  Probe  
  48  4:21  Probe  
  49  4:30  Assimilator  
  47  4:32  Probe, Assimilator  
  47  4:33  Probe  
  49  4:42  Phoenix  
  49  4:44  Probe  
  52  4:49  Probe  
  53  4:55  Shield Battery  
  53  4:57  Probe  
  54  5:01  Probe  
  54  5:03  Stargate  
  54  5:06  Phoenix  
  55  5:09  Probe x2  
  57  5:18  Pylon  
  57  5:19  Probe  
  59  5:21  Probe  
  61  5:32  Robotics Facility  
  61  5:34  Pylon  
  61  5:37  Adept  
  61  5:38  Adept  
  61  5:39  Probe  
  61  5:40  Probe  
  67  5:49  Forge, Twilight Council  
  67  5:52  Pylon  
  63  6:12  Observer  
  63  6:15  Gateway  
  63  6:16  Gateway  
  63  6:25  Immortal, Charge  
  64  6:27  Protoss Ground Weapons Level 1  
  64  6:28  Gateway  
  64  6:29  Gateway  
  68  6:48  Nexus  
  68  6:54  Pylon  
  68  6:57  Immortal  
  68  6:58  Probe x2  
  70  7:06  Templar Archives  
  74  7:20  Gateway, Probe x2  
  74  7:21  Gateway  
  76  7:29  Immortal  
  76  7:32  Probe x2  
  76  7:34  Pylon  
  82  7:42  High Templar x3  
  82  7:43  High Templar  
  90  7:45  Zealot, Pylon  
  90  7:46  Zealot  
  90  7:47  Archon x2  
  94  7:52  Probe  
  94  8:00  Pylon  
  94  8:02  Probe x2  
  95  8:08  Probe  
  95  8:10  Immortal  
  99  8:14  Probe  
  99  8:18  High Templar  
  99  8:19  High Templar  
  104  8:20  Probe  
  104  8:22  Protoss Ground Weapons Level 2, Pylon, Archon  
  105  8:27  Shield Battery  
  105  8:34  Zealot x3  
  105  8:37  Probe x2  
  105  8:40  Probe, Assimilator  
  114  8:42  Assimilator  
  114  8:48  Pylon  
  114  8:49  Probe  
  114  8:53  Immortal  
  119  8:57  Probe x2  
  121  9:03  Probe  
  121  9:08  High Templar x2, Zealot x2, Pylon  
  121  9:09  Probe  
  131  9:12  Archon  
  131  9:22  Zealot  
  131  9:23  Zealot x3  
  139  9:33  Immortal  
  139  9:35  High Templar  
  139  9:36  High Templar  
  139  9:38  Photon Cannon  
  147  9:40  Archon  
  147  9:41  Zealot x2, Pylon  
  147  9:44  Zealot  
  127  9:53  Zealot x2  
  127  9:54  Zealot  
  119  10:01  Zealot  
  119  10:02  Zealot  
  119  10:05  Immortal  
  119  10:07  Zealot  
  107  10:08  Zealot x2  
  95  10:14  Zealot x2  
  93  10:21  Zealot  
  93  10:23  Zealot x2  
  95  10:33  High Templar x2  
  97  10:36  Protoss Ground Weapons Level 3  
  97  10:38  High Templar x2, Archon  
  97  10:39  Sentry  
  103  10:44  Archon  
  103  10:45  Warp Prism  
  103  10:53  Nexus  
  105  11:00  High Templar x2, Zealot  
  105  11:03  Pylon  
  105  11:04  Archon  
  111  11:05  Zealot x3  
  111  11:06  Observer  
  117  11:12  Gateway  
  117  11:14  Gateway  
  117  11:18  High Templar x2  
  121  11:24  Photon Cannon, Archon  
  122  11:32  High Templar x2, Zealot x4  
  133  11:35  Photon Cannon  
  133  11:36  Archon  
  133  11:53  High Templar x2, Zealot x4  
  145  11:56  Photon Cannon  
  145  11:57  Pylon, Archon  
  145  12:05  Zealot x2  
  149  12:09  High Templar x2  
  153  12:21  Archon  
  150  12:25  Zealot x8  
  160  12:46  High Templar x2, Photon Cannon  
  160  12:49  Archon  
  164  12:53  High Templar x2  
  164  12:57  Archon  
  162  13:03  Zealot x4  
  162  13:04  Zealot x2  
  162  13:20  High Templar x2  
  162  13:23  Zealot x5  
  162  13:24  Zealot, Archon  
  162  13:25  Zealot x2  
  160  13:43  Observer  
  160  13:44  Zealot x6  
  140  13:49  Zealot x2  
  140  13:52  Photon Cannon  
  133  13:57  Observer  
  133  13:58  Photon Cannon  
  126  14:08  Zealot x2  
  126  14:09  Zealot x2  
  130  14:19  Stalker  
  130  14:20  Stalker  
  130  14:21  Zealot  
  136  14:30  Stalker  
  138  14:35  Observer  
  138  14:36  Zealot  
  138  14:37  Zealot  
  142  14:44  High Templar x3  
  142  14:45  High Templar x3  
  153  14:48  Archon x2  
  153  14:50  Archon  
  155  14:58  Photon Cannon  
  151  15:02  Zealot x4  
  138  15:17  Zealot x5  
Show
View Real Time Build Order
Export as new Build Order

lIlIlIlIIlIl Protoss 

Build Orders: Oracle Opening, Zealot Archon 

Get SALT Encoding   

  12  0:00  Probe  
  13  0:12  Probe  
  14  0:17  Pylon  
  14  0:24  Probe  
  15  0:32  Probe  
  15  0:37  Gateway  
  15  0:40  Probe  
  16  0:46  Assimilator  
  17  0:51  Probe  
  17  0:54  Assimilator  
  18  0:59  Probe  
  19  1:07  Gateway, Probe  
  19  1:17  Probe  
  20  1:23  Cybernetics Core  
  21  1:29  Probe  
  22  1:34  Pylon  
  22  1:41  Probe  
  23  1:53  Probe  
  24  2:00  Stalker x2  
  24  2:01  Warp Gate  
  28  2:09  Pylon  
  28  2:25  Probe  
  28  2:27  Stargate  
  29  2:32  Stalker  
  31  2:37  Stalker  
  33  2:52  Shield Battery  
  33  3:01  Oracle  
  36  3:20  Nexus  
  36  3:23  Probe  
  37  3:35  Probe, Pylon  
  38  3:47  Probe  
  42  3:58  Robotics Facility  
  42  3:59  Probe  
  43  4:12  Stalker x2  
  47  4:20  Probe, Phoenix  
  45  4:32  Probe x2  
  47  4:42  Probe, Twilight Council  
  47  4:44  Probe  
  49  4:47  Observer  
  49  4:50  Probe  
  50  4:57  Stalker x2  
  50  4:58  Probe x2  
  57  5:09  Probe  
  57  5:10  Probe, Assimilator  
  57  5:12  Assimilator  
  59  5:15  Pylon  
  59  5:20  Probe  
  59  5:22  Probe  
  61  5:28  Probe  
  61  5:29  Forge, Charge  
  61  5:34  Probe  
  63  5:36  Probe, Pylon  
  63  5:38  Sentry  
  66  5:44  Probe  
  66  5:46  Probe  
  68  5:55  Probe  
  68  5:56  Sentry  
  71  5:58  Probe  
  71  5:59  Protoss Ground Weapons Level 1  
  71  6:01  Nexus  
  72  6:08  Probe  
  72  6:10  Probe  
  68  6:20  Probe  
  68  6:22  Pylon  
  68  6:24  Probe  
  70  6:29  Stalker x2  
  70  6:32  Probe  
  75  6:36  Probe  
  75  6:38  Pylon  
  76  6:44  Probe  
  76  6:45  Templar Archives  
  77  6:53  Probe  
  78  6:57  Probe  
  79  7:05  Probe  
  79  7:07  Gateway  
  78  7:09  Gateway, Probe  
  78  7:10  Gateway  
  78  7:12  Probe  
  79  7:17  Probe  
  79  7:21  Probe  
  79  7:23  High Templar x2  
  79  7:24  Probe  
  79  7:26  Warp Prism  
  79  7:27  Gateway  
  79  7:29  Probe  
  87  7:30  Gateway  
  87  7:32  Protoss Ground Weapons Level 2  
  87  7:33  Probe  
  87  7:34  Archon  
  87  7:36  Probe  
  89  7:40  Gateway  
  89  7:42  Probe  
  90  7:44  Pylon  
  90  7:45  Probe  
  90  7:49  Probe, Assimilator  
  90  7:51  Pylon  
  92  7:54  Probe, Assimilator  
  92  7:57  Probe  
  94  8:01  Probe  
  94  8:02  High Templar x2  
  99  8:06  Probe  
  99  8:10  High Templar x2  
  99  8:11  Zealot  
  107  8:17  Pylon  
  106  8:29  Photon Cannon  
  106  8:32  High Templar, Pylon  
  106  8:33  High Templar, Zealot  
  106  8:34  Nexus  
  112  8:35  Zealot x3  
  112  8:39  Pylon  
  118  8:43  Zealot x2  
  118  8:47  Pylon  
  122  8:48  Archon  
  122  8:49  Archon x2  
  122  8:52  Photon Cannon  
  122  8:55  Pylon  
  122  9:00  High Templar x2  
  122  9:01  Zealot x2  
  129  9:04  Zealot x2  
  129  9:05  Archon  
  129  9:09  Zealot  
  135  9:10  Zealot  
  135  9:14  Pylon  
  135  9:17  Probe x3  
  135  9:24  High Templar x2  
  135  9:25  High Templar  
  135  9:27  High Templar  
  135  9:28  Archon  
  135  9:30  Probe x3, Protoss Ground Weapons Level 3  
  135  9:31  Archon  
  145  9:32  Zealot x2  
  147  9:43  Zealot x2  
  133  9:52  Zealot x2  
  115  10:02  Zealot x4  
  99  10:11  Zealot x2  
  99  10:14  Zealot x2  
  80  10:26  High Templar x4  
  80  10:27  Probe x4  
  86  10:36  Probe x3  
  86  10:37  Probe, Archon  
  86  10:38  High Templar x2, Zealot x2, Archon  
  98  10:44  Probe x3  
  98  10:45  Probe, Assimilator  
  98  10:47  Gateway  
  98  10:49  Assimilator  
  102  10:51  Gateway  
  102  10:53  Archon  
  102  10:54  Probe  
  102  10:56  Probe  
  102  10:57  Probe  
  102  10:59  Probe  
  102  11:00  Warp Prism  
  102  11:02  High Templar x2, Zealot x3  
  114  11:06  Archon  
  114  11:08  Probe  
  114  11:09  Probe  
  118  11:12  Probe  
  118  11:13  Probe  
  118  11:15  High Templar x2, Zealot  
  126  11:19  Archon  
  126  11:25  Zealot x2, Sentry  
  128  11:28  Probe x2, Pylon  
  128  11:29  Probe  
  128  11:32  Dark Shrine  
  135  11:37  Zealot x3  
  140  11:49  High Templar x2, Zealot  
  140  11:50  Zealot x4  
  140  11:51  Pylon  
  140  11:53  Archon  
  154  11:57  Nexus  
  154  12:02  Protoss Shields Level 1  
  154  12:07  High Templar x2  
  158  12:11  Zealot  
  158  12:12  Zealot x4  
  158  12:13  Archon  
  158  12:14  Zealot  
  168  12:22  Warp Prism  
  160  12:32  High Templar x3  
  160  12:33  High Templar, Zealot x3  
  160  12:36  Archon  
  174  12:37  Archon  
  174  12:38  Zealot  
  174  12:40  High Templar  
  174  12:41  High Templar  
  180  12:45  Archon  
  180  12:52  Observer  
  168  12:59  Zealot x4  
  167  13:05  Immortal  
  167  13:09  Zealot x4  
  161  13:14  Dark Templar  
  161  13:15  Dark Templar  
  169  13:23  Dark Templar x4  
  177  13:27  Archon x2  
  177  13:28  Shield Battery  
  177  13:31  Shield Battery  
  177  13:33  Assimilator  
  177  13:35  Assimilator  
  147  13:41  Zealot x4  
  147  13:48  Dark Templar x2  
  121  13:53  Dark Templar  
  98  13:56  Dark Templar  
  98  13:57  Dark Templar, Zealot x3  
  94  14:07  Dark Templar  
  94  14:08  Dark Templar x3  
  101  14:11  Immortal  
  101  14:12  Archon x2  
  99  14:19  Nexus  
  99  14:20  Zealot x3  
  99  14:21  Pylon  
  109  14:28  Dark Templar  
  109  14:29  Dark Templar  
  109  14:30  Archon  
  113  14:31  Dark Templar  
  113  14:33  Archon  
  115  14:41  Zealot x6, Archon  
  115  14:42  Zealot  
  129  15:03  High Templar x4  
  129  15:04  Zealot x4  
  130  15:08  Archon x2  
  102  15:18  Zealot x2  
Tags
 
Add a new tag
Caveats
  • Supply blocks, unpowered buildings, or Contaminate may cause inaccurate times.
  • Supply counts are checked every 10 seconds.